 Dungeon Crawl Stone Soup version 0.30-a0-374-g95c0257040 (webtiles) character file.

Game seed: 4902739828671041661

33 Maratek the Sneak (level 3, -5/23 HPs)
             Began as a Tengu Delver on Nov 25, 2022.
             Was an Initiate of Nemelex Xobeh.
             Slain by a lemure (8 damage)
             ... led by Pikel
             ... on level 4 of the Dungeon.
             The game lasted 00:02:07 (384 turns).

Maratek the Sneak (Tengu Delver)                     Turns: 384, Time: 00:02:08

Health: -5/23      AC:  3    Str: 14    XL:     3   Next: 29%
Magic:  4/4        EV: 12    Int: 10    God:    Nemelex Xobeh [......]
Gold:   0          SH:  0    Dex: 15    Spells: 2/2 levels left

rFire   . . .      SeeInvis .    a - +0 short sword
rCold   . . .      Faith    .    (no shield)
rNeg    . . .      Spirit   .    b - +0 leather armour
rPois   .          Reflect  .    (helmet restricted)
rElec   .          Harm     .    (no cloak)
rCorr   .          Rampage  .    (no gloves)
Will    .....                    (boots unavailable)
Stlth   +++.......               (no amulet)
HPRegen 0.23/turn                (no ring)
MPRegen 0.09/turn                (no ring)

@: no status effects
A: beak, talons 3
a: Renounce Religion, Draw Escape, Draw Destruction, Draw Summoning


You were on level 4 of the Dungeon.
You worshipped Nemelex Xobeh.
Nemelex Xobeh was noncommittal.
You visited 2 branches of the dungeon, and saw 3 of its levels.

Inventory:

Hand Weapons
 a - a +0 short sword (weapon)
Armour
 b - a +0 leather armour (worn)
Wands
 g - a wand of digging (1)
 h - a wand of charming (10)
Scrolls
 c - a scroll of identify {unknown}
 d - a scroll of magic mapping
 e - a scroll of fear
 i - a scroll of vulnerability {unknown}
Potions
 f - a potion of haste


   Skills:
 + Level 3.2 Fighting
 + Level 2.3 Short Blades
 + Level 0.1 Armour
 + Level 2.3 Dodging
 + Level 5.7 Stealth


You had 2 spell levels left.
You didn't know any spells.
Your spell library was empty.

Dungeon Overview and Level Annotations

Branches:
Dungeon (5/15)             Temple (1/1) D:4

Altars:
Ashenzari
Cheibriados
Elyvilon
Gozag
Hepliaklqana
Kikubaaqudgha
Makhleb
Nemelex Xobeh
Okawaru
Qazlal
Sif Muna
Trog
Wu Jian
Xom
Zin
The Shining One


Innate Abilities, Weirdness & Mutations

You have a beak for a mouth.
You have claws for feet.


Message History

The lemure hits you.
You see here a +0 club.
The lemure attacks as you move away! The lemure hits you.
You see here 6 gold pieces.
You closely miss the lemure. You peck the lemure, but do no damage.
The lemure closely misses you.
You closely miss the lemure. You claw the lemure.
The lemure is lightly wounded.
The lemure closely misses you.
You hit the lemure but do no damage. You claw the lemure, but do no damage.
The lemure is lightly wounded.
The lemure hits you.
You closely miss the lemure.
The lemure is lightly wounded.
You barely miss the lemure. You peck the lemure.
The lemure is moderately wounded.
The lemure misses you.
You hit the lemure.
The lemure is moderately wounded.
The lemure hits you!
* * * LOW HITPOINT WARNING * * *
You hit the lemure but do no damage. Your kick misses the lemure.
You peck the lemure.
The lemure is heavily wounded.
The lemure barely misses you.
You hit the lemure. Your kick misses the lemure.
The lemure is heavily wounded.
The lemure hits you.
* * * LOW HITPOINT WARNING * * *
You hit the lemure but do no damage. Your kick misses the lemure.
The lemure is heavily wounded.
The lemure closely misses you.
You barely miss the lemure. Your kick misses the lemure.
The lemure is heavily wounded.
The lemure barely misses you.
You barely miss the lemure. Your kick misses the lemure. You peck the lemure.
The lemure is severely wounded.
The lemure hits you!
You die...
Your body disappears without a glow.

####### #...$.# ##
##.....############.
#...................
#......############.
#..@5).....# ##
#....#####.##.# ###
#.## .# #.. .# #.#
#############..
#<.............
5.##....#####8>
#.##.# ##. .. #.# ##


You could see a lemure.

Vanquished Creatures
  A jelly (D:5)
  A kobold (D:4)
  A quokka (D:4)
  A ball python (D:4)
4 creatures vanquished.

Notes
Turn   | Place    | Note
-------+----------+-------------------------------------------
     0 | D:5      | Maratek the Tengu Delver began the quest for the Orb.
     0 | D:5      | Reached XP level 1. HP: 14/14 MP: 2/2
    10 | D:5      | Noticed a jelly
    15 | D:5      | Killed a jelly
    16 | D:5      | Reached XP level 2. HP: 11/19 MP: 3/3
    16 | D:5      | Reached XP level 3. HP: 13/23 MP: 4/4
   188 | D:4      | Found a staircase to the Ecumenical Temple.
   200 | D:4      | Noticed a lemure
   210 | Temple   | Entered the Ecumenical Temple
   287 | Temple   | Became a worshipper of Nemelex Xobeh the Trickster
   368 | D:4      | Noticed a lemure
   384 | D:4      | Slain by a lemure

Illustrated notes

Levels and vault maps discovered:
D:4:      layout_basic, temple_statues, minmay_surrounded, uniq_blork_the_orc,
          uniq_pikel, uniq_eustachio
D:5:      layout_loops_corners, corexii_item_surrounded_by_moat,
          lightli_minifort
Temple:   kb_temple_of_zot

Action                   || total
-------------------------++-------
Melee: Short sword       ||    23
       Kick              ||     7
       Peck              ||     5
Evoke: Wand              ||     2
  Use: Scroll            ||     1
Armor: Leather armour    ||     2
Dodge: Dodged            ||    10

Table legend: (Time is in decaauts)
 A = Elapsed time spent in this place.
 B = Non-inter-level travel time spent in this place.
 C = Inter-level travel time spent in this place.
 D = Time resting spent in this place.
 E = Time spent auto-exploring this place.
 F = Levels seen in this place.
 G = Mean time per level.
                   A        B        C        D        E       F      G
               +--------+--------+--------+--------+--------+-----+--------+
         Total |    381 |    381 |      0 |      0 |    184 |   3 |  127.0 |
       Dungeon |    247 |    247 |      0 |      0 |    158 |   2 |  123.5 |
        Temple |    133 |    133 |      0 |      0 |     26 |   1 |  133.0 |
               +--------+--------+--------+--------+--------+-----+--------+

Top non-repeatable levels by time:
     D:4: 150 daAuts
  Temple: 133 daAuts
     D:5: 96 daAuts
